 Dungeon Crawl Stone Soup version 0.29-a0-872-g797fff5ad1 (webtiles) character file.

Game seed: 16169807774634836234

70 RevDB the Shooter (level 4, -2/22 HPs)
             Began as a Spriggan Arcane Marksman on July 18, 2022.
             Slain by an orc priest
             ... wielding a +0 club
              (6 damage)
             ... on level 2 of the Dungeon.
             The game lasted 00:20:09 (2674 turns).

RevDB the Shooter (Spriggan Arcane Marksman)        Turns: 2674, Time: 00:20:11

Health: -2/22      AC:  2    Str:  6    XL:     4   Next: 3%
Magic:  6/7        EV: 17    Int: 14    God:
Gold:   86         SH:  5    Dex: 17    Spells: 5/6 levels left

rFire   . . .      SeeInvis +   b - +0 dagger
rCold   . . .      Faith    .   (no shield)
rNeg    . . .      Spirit   .   c - +0 robe
rPois   .          Reflect  +   (helmet restricted)
rElec   .          Harm     .   (no cloak)
rCorr   .          Rampage  .   (gloves unavailable)
Will    .....                   (boots unavailable)
Stlth   ++........              h - amulet of reflection
HPRegen 0.07/turn               (no ring)
MPRegen 0.10/turn               (no ring)

@: very quick
A: very small, no large weapons, unfitting armour, see invisible, speed 3
a: no special abilities


You were on level 2 of the Dungeon.
You visited 1 branch of the dungeon, and saw 3 of its levels.

You collected 86 gold pieces.

Inventory:

Hand Weapons
 a - a +0 sling
 b - a +0 dagger (weapon)
Armour
 c - a +0 robe (worn)
Jewellery
 h - an amulet of reflection (around neck)
Scrolls
 d - 5 scrolls of identify {unknown}
 e - a scroll of vulnerability
 f - 2 scrolls of teleportation {unknown}
 g - a scroll of enchant weapon {unknown}
 j - a scroll of blinking {unknown}
 l - a scroll of brand weapon {unknown}
Potions
 i - a potion of mutation {unknown}
 k - a potion of haste {unknown}
 m - a potion of might {unknown}


   Skills:
 - Level 1.0 Fighting
 - Level 4.0 Ranged Weapons
 - Level 2.6 Dodging
 + Level 1.7 Spellcasting
 - Level 4.0 Hexes


You had 5 spell levels left.
You knew the following spells:

 Your Spells              Type           Power      Damage    Failure   Level
a - Slow                  Hex            48%        N/A       4%          1

Your spell library contained the following spells:

 Spells                   Type           Power      Damage    Failure   Level
 Beastly Appendage        Tmut           2%         N/A       24%         1
 Inner Flame              Hex/Fire       6%         N/A       32%         3
 Portal Projectile        Hex/Tloc       12%        N/A       32%         3
 Wereblood                Tmut           1%         N/A       36%         2
 Cause Fear               Hex            6%         N/A       43%         4
 Spider Form              Tmut/Pois      1%         N/A       58%         3
 Chain Lightning          Conj/Air       0%         2d1       100%        9
 Fire Storm               Conj/Fire      0%         6d1       100%        9
 Shatter                  Erth           0%         3d5*      100%        9


Dungeon Overview and Level Annotations

Branches:
Dungeon (3/15)

Altars:


Innate Abilities, Weirdness & Mutations

You are very small and have problems with some larger weapons.
You are too small for most types of armour.
You have supernaturally acute eyesight. (SInv)
You cover ground extremely quickly. (Speed+++)


Message History

Aim: an orc priest, wielding a +0 club and wearing a +0 leather armour (59% to hit)
You shoot a sling bullet.
The sling bullet barely misses the orc priest.
The orc priest mumbles some strange prayers to Beogh against you.
Beogh smites you!
Fire: a) +0 sling
Press: ? - help, Q - select action, (/) - cycle Shift-Dir - straight line, f/p - orc priest
Aim: an orc priest, wielding a +0 club and wearing a +0 leather armour (59% to hit)
You shoot a sling bullet. The sling bullet hits the orc priest.
The orc priest is lightly wounded.
b - a +0 dagger (weapon)
You hit the orc priest but do no damage.
The orc priest is lightly wounded.
The orc priest misses you.
You hit the orc priest.
The orc priest is lightly wounded.
The orc priest barely misses you.
You closely miss the orc priest.
The orc priest is lightly wounded.
The orc priest mumbles some strange prayers to Beogh against you.
Pain shoots through your body!
* * * LOW HITPOINT WARNING * * *
You closely miss the orc priest.
The orc priest is lightly wounded.
The orc priest closely misses you.
You hit the orc priest but do no damage.
The orc priest is lightly wounded.
The orc priest misses you.
You hit the orc priest.
The orc priest is moderately wounded.
The orc priest hits you with a +0 club.
* * * LOW HITPOINT WARNING * * *
Casting: Slow (safe; 4% risk of failure)
Confirm with . or Enter, or press ? or * to list all spells.
Aiming: Slow (safe; 4% risk of failure)
Press: ? - help, Shift-Dir - straight line, f/p - orc priest
Aim: an orc priest, wielding a +0 club and wearing a +0 leather armour (moderately wounded, chance to affect: 50%)
The orc priest resists with significant effort.
The orc priest hits you with a +0 club.
You die...

#.# #..#.......)..♣♣
♣♣♣ #.# #..#.....#♣♣♣♣♣
#.# #..#.....#
##.###..#.###.#
#....†..#.....#
######.######.#
#......#.# ######.#.# ♣
#.#@#♣♣ ♣ #.#o.(♣♣ ♣
#.#.#♣.♣♣♣♣♣♣♣
#####.#)#♣♣......♣♣♣♣♣♣
#.......#
♣♣♣♣♣♣♣.♣...♣♣
#.......# ♣♣.♣♣...
#......)## ♣♣♣♣♣♣♣
#........####
#...........#####


You could see an orc priest.

Vanquished Creatures
  A dart slug (D:2)
  4 orcs (D:2)
  2 ball pythons
  4 endoplasms
  4 giant cockroaches
  5 goblins
  2 hobgoblins (D:2)
  10 jackals
  4 quokkas
  5 bats
  5 frilled lizards
  4 kobolds
  5 rats
55 creatures vanquished.

Notes
Turn   | Place    | Note
-------+----------+-------------------------------------------
     0 | D:1      | RevDB the Spriggan Arcane Marksman began the quest for the
                  | Orb.
     0 | D:1      | Reached XP level 1. HP: 9/9 MP: 3/3
    16 | D:1      | Reached skill level 1 in Fighting
   230 | D:1      | Reached XP level 2. HP: 14/14 MP: 5/5
  1136 | D:1      | Reached XP level 3. HP: 18/18 MP: 6/6
  1248 | D:2      | Found the +5 glaive of the Guard {elec, spectral, AC+5}
  2659 | D:2      | Reached XP level 4. HP: 22/22 MP: 7/7
  2674 | D:2      | Slain by an orc priest

Illustrated notes

Levels and vault maps discovered:
D:1:      giann_bridges, layout_basic
D:2:      kb_forest_paths, layout_basic
D:3:      layout_loops_corners

Skill      XL: |  1  2  3 |
---------------+----------+-----
Fighting       | 1 |  1.0
Ranged Weapons | 3 4 |  4.0
Hexes          | 4 |  4.0
Dodging        | |  2.6
Spellcasting   | |  1.7

Action                   |  1- 3 |  4- 6 || total
-------------------------+-------+-------++-------
Melee: Dagger            |    70 |     6 ||    76
 Fire: Sling             |   118 |     7 ||   125
 Cast: Slow              |     5 |     1 ||     6
 Stab: Sleeping          |     1 |       ||     1
Armor: Robe              |    10 |       ||    10
Dodge: Dodged            |    89 |     4 ||    93
Block: Other             |    14 |       ||    14

Table legend: (Time is in decaauts)
 A = Elapsed time spent in this place.
 B = Non-inter-level travel time spent in this place.
 C = Inter-level travel time spent in this place.
 D = Time resting spent in this place.
 E = Time spent auto-exploring this place.
 F = Levels seen in this place.
 G = Mean time per level.
                   A        B        C        D        E       F      G
               +--------+--------+--------+--------+--------+-----+--------+
         Total |   2200 |   2193 |      7 |   1164 |    133 |   3 |  733.3 |
       Dungeon |   2200 |   2193 |      7 |   1164 |    133 |   3 |  733.3 |
               +--------+--------+--------+--------+--------+-----+--------+

Top non-repeatable levels by time:
     D:1: 1336 daAuts
     D:2: 862 daAuts
     D:3: 1 daAuts
